 Dungeon Crawl Stone Soup version 0.30-a0-782-ge64f9170bb (webtiles) character file.

Game seed: 2038978487379445127

14702 mopl the Tainter (level 12, -1/91 (93) HPs)
             Began as a Formicid Venom Mage on Mar 7, 2023.
             Was a High Priest of Okawaru.
             Slain by a komodo dragon (24 damage)
             ... on level 2 of the Lair of Beasts.
             The game lasted 00:26:53 (10586 turns).

mopl the Tainter (Formicid Venom Mage)             Turns: 10586, Time: 00:26:54

HP:   -1/91 (93)    AC: 16    Str: 19    XL:     12   Next: 48%
MP:   2/18          EV: 17    Int: 14    God:    Okawaru [*****.]
Gold: 521           SH:  0    Dex: 14    Spells: 5/17 levels left

rFire   + . .      SeeInvis +    M - +2 spear (vamp)
rCold   + . .      Faith    +    s - orb {light}
rNeg    . . .      Spirit   .    L - +2 leather armour of the Candlemaker {Regen+}
rPois   .          Reflect  .    (helmet unavailable)
rElec   .          Harm     .    B - scarf {rC+ rF+}
rCorr   .          Rampage  +    y - +0 pair of gloves
Will    +....                    I - +2 pair of boots {rampage}
Stlth   ++                       j - amulet of faith {!P}
HPRegen 1.15/turn                A - ring of wizardry
MPRegen 0.16/turn                v - +4 ring of protection

@: heroic, glowing, lightly drained
A: permanent stasis, dig shafts and tunnels, antennae 3, four strong arms
a: Dig, Shaft Self, Renounce Religion, Heroism, Finesse, Duel


You were on level 2 of the Lair of Beasts.
You worshipped Okawaru.
Okawaru was extremely pleased with you.
You visited 2 branches of the dungeon, and saw 13 of its levels.

You collected 521 gold pieces.

Inventory:

Hand Weapons
 a - a +4 trident of freezing
 M - a +2 vampiric spear (weapon)
 P - a +4 scimitar of flaming
 V - the +4 whip of Entrepreneurial Spirit {heavy, Will+}
   (You found it on level 11 of the Dungeon)

   Will:      It increases your willpower.
 Y - a +0 quarterstaff of freezing
 Z - a +0 demon trident
Missiles
 d - 7 curare-tipped darts
 n - 15 poisoned darts
 u - 10 boomerangs
 N - 7 silver javelins
 W - 3 javelins
Armour
 f - a +2 robe of cold resistance
 s - an orb of light (worn)
 y - a +0 pair of gloves (worn)
 B - a scarf of resistance (worn)
 F - a +2 robe of positive energy
 H - the +1 pair of gloves of Ticeth {rN++ Will- Int+3}
   (Okawaru gifted it to you on level 10 of the Dungeon)

   Int:       It affects your intelligence (+3).
   rN:        It greatly protects you from negative energy.
   Will:      It decreases your willpower.
 I - a +2 pair of boots of rampaging (worn)
 L - the +2 leather armour of the Candlemaker (worn) {Regen+}
   (You found it on level 11 of the Dungeon)

   Regen:     It increases your rate of health regeneration.
 U - the +4 ring mail of Wunni {Stlth+}
   (You found it on level 9 of the Dungeon)

   Stlth:     It makes you more stealthy.
Jewellery
 j - an amulet of faith (around neck) {!P}
 k - a ring of fire
 v - a +4 ring of protection (right hand)
 A - a ring of wizardry (left hand)
 C - an amulet of guardian spirit
 T - a +6 ring of intelligence
 X - a ring of ice
Wands
 l - a wand of acid (4)
 O - a wand of roots (1)
Scrolls
 c - 2 scrolls of silence {unknown}
 e - 2 scrolls of noise {unknown}
 g - 2 scrolls of teleportation {unknown}
 m - 5 scrolls of blinking {unknown}
 q - 2 scrolls of enchant weapon {unknown}
 r - a scroll of torment {unknown}
 t - a scroll of fog {unknown}
 x - 2 scrolls of fear {unknown}
 z - 2 scrolls of vulnerability {unknown}
 D - 3 scrolls of poison {unknown}
 E - a scroll of amnesia {unknown}
 Q - 2 scrolls of magic mapping {unknown}
 S - 3 scrolls of summoning {unknown}
Potions
 b - 2 potions of magic
 h - 4 potions of curing
 i - 3 potions of flight
 p - a potion of resistance
 w - 2 potions of haste {unknown}
 G - a potion of mutation {unknown}
 J - 2 potions of ambrosia
 K - 4 potions of brilliance {unknown}
 R - 2 potions of invisibility


   Skills:
 + Level 8.2(13.2) Fighting
 + Level 7.1(12.1) Throwing
 + Level 8.3(13.3) Armour
 + Level 7.3(12.3) Dodging
 - Level 2.4(7.4) Stealth
 - Level 3.0 Spellcasting
 + Level 4.4 Translocations
 - Level 1.1 Transmutations
 + Level 11.4 Poison Magic
 + Level 9.0 Invocations


You had 5 spell levels left.
You knew the following spells:

 Your Spells              Type           Power      Damage    Failure   Level
a - Sting                 Tmut/Pois      76%        1d6       1%          1
b - Manifold Assault      Tloc           14%        N/A       16%         4
c - Mephitic Cloud        Conj/Pois/Air  12%        N/A       6%          3
o - Olgreb's Toxic Radia  Pois           34%        N/A       1%          4

Your spell library contained the following spells:

 Spells                   Type           Power      Damage    Failure   Level
 Apportation              Tloc           28%        N/A       1%          1
 Poisonous Vapours        Pois/Air       36%        N/A       1%          2
 Lesser Beckoning         Tloc           28%        N/A       2%          2
 Spider Form              Tmut/Pois      19%        N/A       2%          3
 Gell's Gravitas          Tloc           14%        N/A       4%          3
 Teleport Other           Tloc           14%        N/A       4%          3
 Beastly Appendage        Tmut           10%        N/A       6%          1
 Wereblood                Tmut           5%         N/A       9%          2
 Necrotise                Necr           8%         1d4       10%         1
 Portal Projectile        Hex/Tloc       16%        N/A       12%         3
 Hailstorm                Conj/Ice       2%         3d3       26%         3
 Ice Form                 Ice/Tmut       3%         N/A       56%         4
 Leda's Liquefaction      Hex/Erth       1%         N/A       65%         4
 Dispersal                Tloc           7%         N/A       90%         6
 Disjunction              Tloc           7%         N/A       100%        8
 Summon Small Mammal      Summ           Unusable   N/A       N/A         1
 Call Canine Familiar     Summ           Unusable   N/A       N/A         3
 Simulacrum               Ice/Necr       Unusable   N/A       N/A         6

Dungeon Overview and Level Annotations

Branches:
Dungeon (11/15)            Temple (0/1) D:4            Lair (2/5) D:10
  Swamp: Lair:2-3    Shoals: Lair:2-3     Snake: Lair:2-3    Spider: Lair:2-3
    Orc: D:9-12

Altars:
Cheibriados
Dithmenos
Hepliaklqana
Kikubaaqudgha
Nemelex Xobeh
Okawaru
Trog
Vehumet
Wu Jian
Zin

Shops:
D:10 =

Annotations:
D:10 fly


Innate Abilities, Weirdness & Mutations

You cannot be hasted, slowed, berserked, paralysed or teleported.
You can dig through walls and to a lower floor.
You have a pair of large antennae on your head. (SInv)
Your four strong arms can wield two-handed weapons with a shield.


Message History

The wolf is almost dead.
The wolf barely misses you.
The blink frog blinks!
You hit the wolf.
You feel better.
You kill the wolf!
Okawaru accepts your kill. x2
You feel a bit more experienced.
Your Invocations skill increases to level 9!
Okay, then.
Reach: M) +2 spear (vamp)
Press: ? - help, Dir - move target, f - komodo dragon
Aim: a komodo dragon (heavily wounded, extremely poisoned, haloed, about 11% to evade your +2 vampiric spear)
You reach to attack!
You barely miss the komodo dragon.
The komodo dragon is heavily wounded.
You hit the komodo dragon but do no damage.
The komodo dragon is heavily wounded.
The blink frog blinks!
You barely miss the komodo dragon.
The komodo dragon is heavily wounded.
The komodo dragon barely misses you.
You barely miss the komodo dragon.
The komodo dragon is heavily wounded.
The blink frog blinks!
You hit the komodo dragon but do no damage.
The komodo dragon is heavily wounded.
Okawaru accepts your kill.
You feel a bit more experienced.
You barely miss the komodo dragon.
The komodo dragon is heavily wounded.
Your hands slow down.
The komodo dragon bites you.
You hit the komodo dragon.
You feel better.
The komodo dragon is severely wounded.
The komodo dragon bites you!!
* * * LOW HITPOINT WARNING * * *
You hit the komodo dragon but do no damage.
The komodo dragon is severely wounded.
You puncture the komodo dragon!
You feel better.
The komodo dragon is almost dead.
The komodo dragon bites you!!
You die...

### #@# ##l##
#.FF#
.......P........
........>.......
.P##.##.....P###
... .........
... ...........
... ยง..........


You could see a komodo dragon (very poisoned), a cane toad and a blink frog
(very poisoned).

Vanquished Creatures
  Fannar (D:10)
  2 boulder beetles (Lair:2)
  Erica (D:8)
  5 two-headed ogres
  Urug (D:10)
  2 death yaks (Lair:1)
  A cyclops (D:11)
  A cane toad (Lair:1)
  2 trolls
  3 blink frogs (Lair:2)
  Prince Ribbit (D:8)
  Sigmund (D:6)
  A shadow (D:9)
  3 slime creatures (D:11)
  2 wyverns
  A wraith (D:11)
  3 yaks
  A basilisk (D:10)
  Menkaure (D:6)
  2 steam dragons
  2 water moccasins
  Duvessa (D:7)
  A black bear (D:10)
  An orc warrior (D:9)
  A sky beast (D:7)
  An ogre (D:4)
  3 centaurs
  A wolf (Lair:2)
  A phantom (D:7)
  A kobold brigand (D:11)
  A necrophage (D:6)
  5 bullfrogs
  A gnoll sergeant (D:8)
  A spectral water moccasin (Lair:2)
  2 scorpions
  9 wights
  Dowan (D:7)
  4 killer bees (D:9)
  2 vampire bats (D:9)
  4 howler monkeys
  A lava snake (D:8)
  3 hounds (D:5)
  2 jellies
  7 orc priests
  6 iguanas
  9 orc wizards
  Robin (D:3)
  6 gnolls
  6 adders
  2 white imps
  An ufetubus (D:5)
  4 worms
  4 dart slugs
  24 orcs
  2 bats (D:1)
  3 bat skeletons (D:9)
  3 bat zombies (D:9)
  4 endoplasms
  A giant cockroach (D:3)
  10 hobgoblins
  4 jackals (D:5)
  3 quokkas
  9 ball pythons
  2 frilled lizards (D:2)
  10 goblins
  10 kobolds
  5 rats
220 creatures vanquished.

Vanquished Creatures (others)
  A wizard (D:3)
  2 fungi
  9 plants (Lair:2)
12 creatures vanquished.

Grand Total: 232 creatures vanquished

Notes
Turn   | Place    | Note
-------+----------+-------------------------------------------
     0 | D:1      | mopl the Formicid Venom Mage began the quest for the Orb.
     0 | D:1      | Reached XP level 1. HP: 13/13 MP: 3/3
   290 | D:1      | Reached XP level 2. HP: 19/19 MP: 0/5
   343 | D:1      | Found a faded altar of an unknown god.
   368 | D:1      | Prayed at the altar of an unknown god.
   368 | D:1      | Became a worshipper of Warmaster Okawaru
   368 | D:1      | Reached * piety under Okawaru
   883 | D:2      | Reached XP level 3. HP: 18/24 MP: 0/7
   963 | D:2      | Reached skill level 3 in Spellcasting
  1176 | D:2      | Reached skill level 5 in Poison Magic
  1533 | D:2      | Reached XP level 4. HP: 30/30 MP: 4/8
  1606 | D:2      | Learned a level 4 spell: Olgreb's Toxic Radiance
  2025 | D:3      | Found a bloodstained altar of Trog.
  2026 | D:3      | Noticed a wizard
  2032 | D:3      | Killed a wizard
  2059 | D:3      | Noticed Robin
  2124 | D:3      | Killed Robin
  2228 | D:3      | Reached skill level 2 in Dodging
  2544 | D:4      | Noticed a scorpion
  2550 | D:4      | Killed a scorpion
  2551 | D:4      | Reached skill level 1 in Fighting
  2551 | D:4      | Reached skill level 1 in Armour
  2551 | D:4      | Reached skill level 6 in Poison Magic
  2551 | D:4      | Reached skill level 1 in Invocations
  2551 | D:4      | Reached XP level 5. HP: 32/37 MP: 2/9
  2640 | D:4      | Found a staircase to the Ecumenical Temple.
  2641 | D:4      | Noticed an ogre
  2643 | D:4      | Reached ** piety under Okawaru
  2663 | D:4      | Killed an ogre
  2664 | D:4      | Reached skill level 2 in Invocations
  2664 | D:4      | Reached XP level 6. HP: 44/44 MP: 1/10
  3209 | D:4      | Reached skill level 2 in Fighting
  3209 | D:4      | Reached skill level 2 in Armour
  3718 | D:5      | Entered Level 5 of the Dungeon
  3831 | D:5      | Reached XP level 7. HP: 51/51 MP: 6/11
  3945 | D:5      | Reached skill level 3 in Dodging
  3949 | D:5      | Reached skill level 3 in Invocations
  3985 | D:5      | Found a snail-covered altar of Cheibriados.
  3991 | D:5      | Found a hazy altar of Hepliaklqana.
  4001 | D:5      | Found a radiant altar of Vehumet.
  4350 | D:5      | Noticed a water moccasin
  4361 | D:5      | Killed a water moccasin
  4361 | D:5      | Reached *** piety under Okawaru
  4390 | D:5      | Reached skill level 3 in Armour
  4471 | D:5      | Found an iron altar of Okawaru.
  4495 | D:5      | Reached skill level 1 in Throwing
  4521 | D:5      | Reached skill level 3 in Fighting
  4521 | D:5      | Reached skill level 7 in Poison Magic
  4665 | D:6      | Reached XP level 8. HP: 34/58 MP: 7/12
  4773 | D:6      | Noticed Sigmund
  4781 | D:6      | Killed Sigmund
  4781 | D:6      | Reached **** piety under Okawaru
  4827 | D:6      | Noticed Menkaure
  4884 | D:6      | Killed Menkaure
  4885 | D:6      | Reached skill level 2 in Throwing
  4885 | D:6      | Reached skill level 4 in Invocations
  5396 | D:6      | Found an ornate altar of the Wu Jian Council.
  5721 | D:6      | Reached skill level 4 in Armour
  5815 | D:7      | Reached skill level 4 in Fighting
  5815 | D:7      | Reached skill level 4 in Dodging
  5825 | D:7      | Reached XP level 9. HP: 62/65 MP: 2/13
  5975 | D:7      | Found a shadowy altar of Dithmenos.
  6028 | D:7      | Reached skill level 8 in Poison Magic
  6043 | D:7      | Reached skill level 3 in Throwing
  6061 | D:7      | Noticed Duvessa
  6072 | D:7      | Noticed Dowan
  6075 | D:7      | Killed Duvessa
  6076 | D:7      | Reached skill level 5 in Invocations
  6087 | D:7      | Killed Dowan
  6254 | D:7      | Reached skill level 5 in Armour
  6507 | D:8      | Reached skill level 5 in Fighting
  6531 | D:8      | Noticed Prince Ribbit
  6536 | D:8      | Killed Prince Ribbit
  6537 | D:8      | Reached skill level 4 in Throwing
  6542 | D:8      | Noticed Erica
  6548 | D:8      | Killed Erica
  6548 | D:8      | Received a gift from Okawaru
  6548 | D:8      | Reached ***** piety under Okawaru
  6549 | D:8      | Reached skill level 5 in Dodging
  6549 | D:8      | Reached skill level 9 in Poison Magic
  6549 | D:8      | Reached skill level 6 in Invocations
  6549 | D:8      | Reached XP level 10. HP: 68/74 MP: 1/14
  6701 | D:8      | Reached skill level 6 in Armour
  6837 | D:8      | Found a glowing silver altar of Zin.
  7357 | D:8      | Learned a level 4 spell: Manifold Assault
  7391 | D:9      | Reached skill level 6 in Fighting
  7523 | D:9      | Reached skill level 5 in Throwing
  7538 | D:9      | Identified the +4 ring mail of Wunni {Stlth+}
  7793 | D:9      | Found a sparkling altar of Nemelex Xobeh.
  7851 | D:9      | Identified the +0 chain mail "Bomiqob" {Str+4} (Okawaru
                  | gifted it to you on level 9 of the Dungeon)
  7851 | D:9      | Received a gift from Okawaru
  7852 | D:9      | Reached skill level 1 in Translocations
  7929 | D:9      | Found an ancient bone altar of Kikubaaqudgha.
  7981 | D:10     | Entered Level 10 of the Dungeon
  8017 | D:10     | Reached skill level 7 in Invocations
  8030 | D:10     | Noticed Urug
  8035 | D:10     | Noticed Fannar
  8143 | D:10     | Killed Fannar
  8144 | D:10     | Reached skill level 6 in Dodging
  8144 | D:10     | Reached skill level 2 in Translocations
  8144 | D:10     | Reached skill level 10 in Poison Magic
  8144 | D:10     | Reached XP level 11. HP: 20/83 MP: 0/16
  8336 | D:9      | Learned a level 3 spell: Mephitic Cloud
  8354 | D:10     | Killed Urug
  8418 | D:10     | Found Niwetuh's Jewellery Boutique.
  8502 | D:10     | Noticed a two-headed ogre
  8530 | D:10     | Killed a two-headed ogre
  8531 | D:10     | Reached skill level 7 in Fighting
  8531 | D:10     | Reached skill level 7 in Armour
  8799 | D:10     | Found a staircase to the Lair.
  9017 | D:10     | Noticed a two-headed ogre
  9038 | D:10     | Killed a two-headed ogre
  9038 | D:10     | Identified the +1 pair of gloves of Ticeth {rN++ Will-
                  | Int+3} (Okawaru gifted it to you on level 10 of the
                  | Dungeon)
  9038 | D:10     | Received a gift from Okawaru
  9039 | D:10     | Reached skill level 6 in Throwing
  9039 | D:10     | Reached skill level 3 in Translocations
  9279 | D:11     | Identified the +4 whip of Entrepreneurial Spirit {heavy,
                  | Will+}
  9442 | D:11     | Reached skill level 8 in Invocations
  9532 | D:11     | Noticed a two-headed ogre
  9553 | D:11     | Killed a two-headed ogre
  9592 | D:11     | Noticed a two-headed ogre
  9645 | D:11     | Killed a two-headed ogre
  9702 | D:11     | Noticed a two-headed ogre
  9740 | D:11     | Killed a two-headed ogre
  9787 | D:11     | Identified the +2 leather armour of the Candlemaker
                  | {Regen+}
  9895 | D:11     | Noticed a cyclops
  9901 | D:11     | Killed a cyclops
  9902 | D:11     | Reached skill level 11 in Poison Magic
  9902 | D:11     | Reached XP level 12. HP: 88/92 MP: 11/18
 10215 | Lair:1   | Entered Level 1 of the Lair of Beasts
 10215 | Lair:1   | Noticed a death yak
 10215 | Lair:1   | Noticed a death yak
 10217 | Lair:1   | Noticed a death yak
 10217 | Lair:1   | Noticed a death yak
 10236 | Lair:1   | Noticed a death yak
 10243 | Lair:1   | Killed a death yak
 10244 | Lair:1   | Reached skill level 4 in Translocations
 10250 | Lair:1   | Noticed a death yak
 10252 | Lair:1   | Killed a death yak
 10253 | Lair:1   | Reached skill level 8 in Armour
 10253 | Lair:1   | Reached skill level 7 in Dodging
 10259 | Lair:1   | You fall into a shaft and drop 1 floor!
 10417 | Lair:2   | Found a transporter.
 10417 | Lair:2   | Noticed a boulder beetle
 10418 | Lair:2   | Found a transporter.
 10418 | Lair:2   | Noticed a boulder beetle
 10429 | Lair:2   | Killed a boulder beetle
 10429 | Lair:2   | Received a gift from Okawaru
 10430 | Lair:2   | Reached skill level 8 in Fighting
 10436 | Lair:2   | Killed a boulder beetle
 10437 | Lair:2   | Reached skill level 7 in Throwing
 10531 | Lair:1   | Noticed a catoblepas
 10561 | Lair:1   | You fall into a shaft and drop 1 floor!
 10578 | Lair:2   | Reached skill level 9 in Invocations
 10586 | Lair:2   | Slain by a komodo dragon

Illustrated notes

Levels and vault maps discovered:
D:1:      lightli_arrival_boilingwater, layout_basic,
          shapermc_ecumenical_altar_ellora
D:2:      layout_loops_ring, st_stairs_8, minmay_misc_feat_alley
D:3:      layout_basic, trog_wizard, kennysheep_pointless_box, st_stairs_14,
          uniq_robin
D:4:      layout_layer_cave, minmay_temple_entry_mini_moons
D:5:      layout_basic, marbit_many_paths, minmay_overflow_temple_star_quad,
          chequers_serial_rivers_small_b
D:6:      layout_gridville, nicolae_wu_jian_wuxing_cycle, minivault_10,
          roderic_st_hans_cross, dreamdust_princess_bridge, uniq_sigmund,
          uniq_menkaure
D:7:      layout_cave_pools, grunt_dithmenos_smoke_and_mirrors, kennysheep_nub,
          serial_bayou_pond_d, uniq_duvessa
D:8:      layout_cave_pools, zin_scriptorium, nicolae_lava_and_water,
          uniq_prince_ribbit1, uniq_erica
D:9:      layout_rooms, nemelex_altar_shiori, kennysheep_vampire_church
D:10:     layout_stronghold, david_lair_generic, serial_shops,
          nicolae_take_the_stairs, chequers_serial_rivers_large_a, uniq_fannar,
          uniq_urug
D:11:     layout_small_grid
Lair:1:   layout_cave_shapes
Lair:2:   gammafunk_boulding_lane, layout_long_grid, nicolae_swamp_entry_spooky,
          guppyfry_snake_entry_garden, minivault_25, st_stairs_13, uniq_amaemon

Skill      XL: |  1  2  3  4  5  6  7  8  9 10 11 12 |
---------------+-------------------------------------+-----
Spellcasting   | 3 |  3.0
Poison Magic   | 5 6 7 9 10 11 | 11.4
Dodging        | 2 3 4 5 6 7 |  7.3
Fighting       | 1 2 3 4 5 6 7 8 |  8.2
Armour         | 1 2 3 4 5 6 7 8 |  8.3
Invocations    | 1 2 3 4 6 7 8 9 |  9.0
Throwing       | 1 2 4 5 6 7 |  7.1
Translocations | 2 3 4 |  4.4
Stealth        | |  2.4
Transmutations | |  1.1

Action                     |  1- 3 |  4- 6 |  7- 9 | 10-12 || total
---------------------------+-------+-------+-------+-------++-------
  Melee: Spear             |    27 |    37 |    80 |    29 ||   173
         Unarmed           |     1 |       |       |       ||     1
         Punch             |     1 |       |       |       ||     1
         Halberd           |       |       |    45 |    12 ||    57
         Trident           |       |       |       |   180 ||   180
  Throw: Boomerang         |       |       |     3 |       ||     3
         Dart              |       |       |     1 |     9 ||    10
   Cast: Sting             |    68 |    68 |    79 |     4 ||   219
         Olgreb's Toxic Ra |       |     5 |    18 |    51 ||    74
         Mephitic Cloud    |       |       |       |     2 ||     2
 Invoke: Heroism           |       |       |     7 |    10 ||    17
         Finesse           |       |       |       |     2 ||     2
Ability: Dig               |       |       |       |     5 ||     5
         Shaft Self        |       |       |       |     2 ||     2
  Evoke: Wand              |       |       |       |     3 ||     3
    Use: Scroll            |     3 |       |     3 |     2 ||     8
         Potion            |       |       |     2 |     3 ||     5
   Stab: Sleeping          |     2 |       |       |       ||     2
         Confused          |       |       |       |     4 ||     4
 Armour: Robe              |     6 |     8 |    13 |     2 ||    29
         Leather armour    |       |     5 |     5 |    17 ||    27
         Ring mail         |       |       |       |    55 ||    55
  Dodge: Dodged            |    30 |    36 |   111 |   154 ||   331

Table legend: (Time is in decaauts)
 A = Elapsed time spent in this place.
 B = Non-inter-level travel time spent in this place.
 C = Inter-level travel time spent in this place.
 D = Time resting spent in this place.
 E = Time spent auto-exploring this place.
 F = Levels seen in this place.
 G = Mean time per level.
                   A        B        C        D        E       F      G
               +--------+--------+--------+--------+--------+-----+--------+
         Total |  10637 |  10139 |    498 |   1599 |   5999 |  13 |  818.2 |
       Dungeon |  10285 |   9787 |    498 |   1494 |   5988 |  11 |  935.0 |
          Lair |    351 |    351 |      0 |    105 |     11 |   2 |  175.5 |
               +--------+--------+--------+--------+--------+-----+--------+

Top non-repeatable levels by time:
     D:4: 1257 daAuts
     D:6: 1252 daAuts
    D:10: 1137 daAuts
     D:5: 935 daAuts
     D:8: 928 daAuts
    D:11: 907 daAuts
     D:1: 849 daAuts
     D:3: 825 daAuts
     D:9: 821 daAuts
     D:2: 794 daAuts
     D:7: 575 daAuts
  Lair:2: 281 daAuts
  Lair:1: 69 daAuts
